 Dungeon Crawl Stone Soup version bcrawl-1.13 (webtiles) character file.

Game seed: 5541037317578865911

53 Camlann the Sneak (level 3, -5/29 HPs)
             Began as a Demonspawn Archaeologist on July 27, 2019.
             Killed by divine providence
             ... invoked by an orc priest
              (14 damage)
             ... on level 3 of the Dungeon.
             The game lasted 00:02:36 (1046 turns).

Camlann the Sneak (Demonspawn Archaeologist)        Turns: 1046, Time: 00:02:36

Health: -5/29      AC: 13    Str: 12    XL:     3   Next: 62%
Magic:  3/3        EV: 13    Int: 17    God:
Gold:   50         SH:  0    Dex: 11    Spells: 2/2 levels left

rFire    . . .     SeeInvis .   o - +0 trident (freeze)
rCold    . . .     Gourm    .   (no shield)
rNeg     . . .     Faith    .   b - +1 robe
rPois    .         Spirit   .   c - +1 hat
rElec    .         Reflect  .   i - +0 cloak
rCorr    .         Harm     .   (no gloves)
MR       .....                  d - +1 pair of boots
Stlth    ++........             (no amulet)
HPRegen  0.09/turn              j - +1 ring of evasion
MPRegen  0.08/turn              (no ring)

@: sanguine armour, studying Staves
A: fangs 1, clever 1, spiny 1, sanguine armour 1
a: no special abilities


You were on level 3 of the Dungeon.
You were not hungry.

You visited 1 branch of the dungeon, and saw 3 of its levels.

You collected 50 gold pieces.

Inventory:

Hand Weapons
 o - a +0 trident of freezing (weapon)
Armour
 b - a +1 robe (worn)
 c - a +1 hat (worn)
 d - a +1 pair of boots (worn)
 i - a +0 cloak (worn)
Jewellery
 j - a +1 ring of evasion (left hand)
Scrolls
 l - 2 scrolls of teleportation
 n - a scroll of amnesia {unknown}
Potions
 k - a potion of brilliance
Books
 e - a manual of Staves
Miscellaneous
 f - an ancient crate
Comestibles
 g - 2 rations {!d}
 m - 5 chunks of flesh


   Skills:
 - Level 3.0 Fighting
   Level 0.8(1.7) Maces & Flails
 + Level 2.3(2.4) Staves
 - Level 2.6 Dodging
 - Level 3.0 Stealth


You had 2 spell levels left.
You didn't know any spells.
Your spell library was empty.

Dungeon Overview and Level Annotations

Branches:
Dungeon (3/12)

Altars:

Annotations:
D:2 Sigmund


Innate Abilities, Weirdness & Mutations

You are partially covered in sharp spines.
When seriously injured, your bleeding wounds create armour. (AC +6)
You have very sharp teeth.
Your mind is acute. (Int +2)


Message History

The dart slug launches a dart at you. The slug dart misses you.
The slug dart hits the orc priest.
The orc priest calls down the wrath of Beogh upon you.
You barely resist.
An orc comes into view.
The orc shouts!
You hit the orc priest. You freeze the orc priest.
You feel better.
The orc priest hits you with a +0 short sword!
You hit the orc priest. You freeze the orc priest.
The orc priest barely misses you. The dart slug launches a dart at you.
The slug dart hits you! The orc priest closely misses you.
You hit the orc priest. You freeze the orc priest.
You bite the orc priest, but do no damage.
The dart slug launches a dart at you. The slug dart hits you!
The orc priest mumbles some strange prayers to Beogh against you.
Beogh smites you!
You die...

.# .. .#
##.# #..
######## #.#
#.<...)###w#
#.####.)..)#
#. #####@#
#. #o# #.


#oo .. ##.# .. .. .# ### You could see an orc priest, a dart slug and 2 orcs.

Vanquished Creatures
  3 dart slugs (D:1)
  4 leopard geckos
  2 orcs (D:3)
  9 bats
  2 giant cockroaches (D:1)
  A goblin (D:1)
  5 hobgoblins
  5 kobolds
  A quokka (D:2)
  5 frilled lizards
37 creatures vanquished.

Notes
Turn   | Place    | Note
-------+----------+-------------------------------------------
     0 | D:1      | Camlann the Demonspawn Archaeologist began the quest for
                  | the Orb.
     0 | D:1      | Reached XP level 1. HP: 15/15 MP: 1/1
   299 | D:1      | Gained mutation: You are partially covered in sharp spines.
                  | [demonic ancestry]
   299 | D:1      | Reached XP level 2. HP: 22/22 MP: 2/2
   460 | D:1      | Gained mutation: Your mind is acute. (Int +2) [potion of
                  | mutation]
   460 | D:1      | Gained mutation: You have very sharp teeth. [potion of
                  | mutation]
   599 | D:1      | Gained mutation: When seriously injured, your bleeding
                  | wounds create armour. (AC +6) [demonic ancestry]
   599 | D:1      | Reached XP level 3. HP: 29/29 MP: 3/3
   847 | D:2      | Reached skill level 1 in Staves
   980 | D:2      | Noticed Sigmund
  1046 | D:3      | Killed from afar by an orc priest

Skill      XL: |  1  2  3 |
---------------+----------+-----
Fighting       | 2 3 |  3.0
Staves         | 2 |  2.3
Maces & Flails | |  0.8
Dodging        | |  2.6
Stealth        | |  3.0

Action                   || total
-------------------------++-------
Melee: Whip              ||   104
       Bite              ||     6
       Trident           ||     8
  Use: Potion            ||     2
       Scroll            ||     3
 Stab: Sleeping          ||     5
       Distracted        ||     1
  Eat: Chunk             ||     1
Armor: Robe              ||    42
Dodge: Dodged            ||    92
